 Dungeon Crawl Stone Soup version 0.24-a0-516-g9de272bb65 (webtiles) character file.

Game seed: 16621881366162850812

143 vurker the Firebug (level 5, -3/34 HPs)
             Began as an Octopode Fire Elementalist on July 21, 2019.
             Killed from afar by an orc wizard (9 damage)
             ... with a magic dart
             ... on level 2 of the Dungeon.
             The game lasted 00:04:00 (2821 turns).

vurker the Firebug (Octopode Fire Elementalist)     Turns: 2821, Time: 00:04:00

Health: -3/34      AC:  1    Str:  8    XL:     5   Next: 25%
Magic:  17/17      EV: 13    Int: 18    God:
Gold:   159        SH:  0    Dex: 12    Spells: 3/9 levels left

rFire    . . .     SeeInvis .   g - +1 whip (flame)
rCold    . . .     Gourm    .   (no shield)
rNeg     . . .     Faith    .   (helmet restricted)
rPois    .         Spirit   .   (no amulet)
rElec    .         Reflect  .   c - ring of magical power
rCorr    .         Harm     .   (no ring)
MR       .....                  (no ring)
Stlth    ++........             (no ring)
HPRegen  0.11/turn              (no ring)
MPRegen  0.15/turn              (no ring)
                                (no ring)
                                (no ring)

@: confused
A: almost no armour, stealthy swim, amphibious, 8 rings, constrict 8, camouflage
1, gelatinous body 1
a: no special abilities


You were on level 2 of the Dungeon.
You were hungry.

You visited 1 branch of the dungeon, and saw 3 of its levels.

You collected 159 gold pieces.

Inventory:

Hand Weapons
 g - a +1 whip of flaming (weapon)
   (You took it off a kobold on level 3 of the Dungeon)
 i - a +1 hand axe of flaming
   (You took it off an orc on level 3 of the Dungeon)
Jewellery
 c - a ring of magical power (left tentacle)
   (You found it on level 1 of the Dungeon)
Wands
 t - a wand of flame (23)
   (You found it on level 3 of the Dungeon)
Scrolls
 a - a scroll of teleportation {unknown}
 b - 2 scrolls of identify {unknown}
 d - a scroll of fog {unknown}
 f - 3 scrolls of remove curse {unknown}
 h - a scroll of enchant armour {unknown}
Potions
 j - a potion of brilliance {unknown}
Comestibles
 e - 2 rations {!d}


   Skills:
 + Level 1.7 Fighting
 - Level 2.0 Dodging
 - Level 2.6 Stealth
 + Level 2.5 Spellcasting
 * Level 2.9 Conjurations
 * Level 4.1 Fire Magic


You had 3 spell levels left.
You knew the following spells:

 Your Spells              Type           Power        Failure   Level  Hunger
a - Flame Tongue          Conj/Fire      ##...        4%          1    #......
b - Throw Flame           Conj/Fire      ##....       6%          2    ##.....
c - Conjure Flame         Conj/Fire      ##......     12%         3    ###....

Your spell library contained the following spells:

 Spells                   Type           Power        Failure   Level  Hunger
 Inner Flame              Hex/Fire       #.......     22%         3    ###....
 Sticky Flame             Conj/Fire      ##......     38%         4    #####..
 Fireball                 Conj/Fire      ##........   75%         5    ######.


Dungeon Overview and Level Annotations

Branches:
Dungeon (3/15)

Altars:
Makhleb


Innate Abilities, Weirdness & Mutations

You cannot wear most types of armour.
You are very stealthy in the water. (Stealth+)
You are amphibious.
You can wear up to eight rings at the same time.
You can use your tentacles to constrict eight enemies at once.
Your skin changes colour to match your surroundings (Stealth+).
Your rubbery body absorbs attacks. (AC +1, EV +1)


Message History

You are feeling hungry.
The orc shouts!
The orc wizard shouts!
You hear a shout! x2
A kobold comes into view. It is wielding a +0 whip.
Aim: an orc, wielding a +0 trident and wearing a +0 ring mail The flame tongue hits the orc!
You kill the orc!
The orc priest shouts!
The kobold throws a stone.
The stone closely misses you.
Aim: an orc wizard, wielding a +0 dagger and wearing a +0 robe The flame tongue hits the orc wizard!
The kobold throws a stone.
The stone hits you.
The orc wizard gestures at you while chanting.
You are confused.
The orc wizard gestures wildly while chanting.
The orc wizard flickers and vanishes!
Deactivating autopickup; reactivate with Ctrl-A.
Things that are here:
a +0 leather armour; a +0 flail You bump into the rock wall.
You see here a +0 hand axe.
You feel less confused. Something barely misses you.
Things that are here:
a +0 leather armour; a +0 flail You see here a +0 hand axe.
The orc priest calls down the wrath of Beogh upon you.
Beogh smites you!
The orc priest looks encouraged for a moment.
There is a stone staircase leading up, spattered with blood here.
Something hits you.
* * * LOW HITPOINT WARNING * * *
You climb upwards.
Reactivating autopickup.
There is a stone staircase leading down here.
You hear some strange, mumbled words.
A puff of flame appears from out of thin air!
Deactivating autopickup; reactivate with Ctrl-A.
The puff of flame hits you!
* * * LOW HITPOINT WARNING * * *
Things that are here:
a +0 leather armour; a +0 club
Okay, then.
You hear some strange, mumbled words.
You are confused.
You bump into the rock wall.
You miss something.
You hear some strange, mumbled words.
A magic dart appears from out of thin air!
The magic dart hits you!
You die...

###...##.#..#.##........# #.#.
#...#.##.......#........# #.#.
..###.####..............# #.#.
###...## #.....#........# #.#.
#...#..# #.#............# #.#.
..####.###.#...#........######.#.
#.#..#.^#............(......##.#.
#รทรท..##.##...>.#.###..#####.##.#.
#..#..#..#....[{@...........)....
##....##.###..##.......####.##..#
.#..###.......##.#.#...##.......#
.####...###......#.#.............
..#...######..##.#.#.........#..#
#...###......................#..#
..###..............#............#
### #.#.#####.##................#
#.#.#..........#....#....##.#


There were no monsters in sight!

Vanquished Creatures
  A hound (D:2)
  An orc wizard (D:3)
  4 adders
  8 orcs
  A ball python (D:2)
  3 giant cockroaches (D:2)
  6 goblins
  3 hobgoblins
  A quokka (D:2)
  2 bats (D:2)
  A frilled lizard (D:3)
  4 kobolds
  9 rats
44 creatures vanquished.

Notes
Turn   | Place    | Note
-------+----------+-------------------------------------------
     0 | D:1      | vurker the Octopode Fire Elementalist began the quest for
                  | the Orb.
     0 | D:1      | Reached XP level 1. HP: 11/11 MP: 3/3
   829 | D:2      | Found a burning altar of Makhleb.
   829 | D:2      | Noticed a hound
   832 | D:2      | Killed a hound
   832 | D:2      | Reached XP level 2. HP: 18/18 MP: 5/5
   832 | D:2      | Reached XP level 3. HP: 22/22 MP: 6/6
   871 | D:2      | Learned a level 2 spell: Throw Flame
   875 | D:2      | Learned a level 3 spell: Conjure Flame
   945 | D:2      | Reached skill level 1 in Fighting
  1270 | D:2      | Reached XP level 4. HP: 28/28 MP: 7/7
  2577 | D:3      | Reached skill level 4 in Fire Magic
  2627 | D:3      | Reached XP level 5. HP: 34/34 MP: 8/8
  2821 | D:2      | Killed from afar by an orc wizard

Levels and vault maps discovered:
D:1:      wander_arrival_lonely_grave, layout_basic
D:2:      minmay_skewed_foursquare, layout_basic, makhleb_heckhound_becter
D:3:      layout_loops_cross, gammafunk_temple_overflow_pools, first_ration,
          chequers_ecumenical_altar_island

Skill      XL: |  1  2  3  4 |
---------------+-------------+-----
Fighting       | 1 |  1.7
Conjurations   | 2 |  2.9
Fire Magic     | 4 |  4.1
Dodging        | |  2.0
Stealth        | |  2.6
Spellcasting   | |  2.5

Action                   |  1- 3 |  4- 6 || total
-------------------------+-------+-------++-------
Melee: Dagger            |     1 |     1 ||     2
       Whip              |       |     3 ||     3
       Constrict         |       |     1 ||     1
       Tentacles         |       |     1 ||     1
 Cast: Flame Tongue      |    26 |    55 ||    81
       Throw Flame       |     1 |     3 ||     4
  Use: Potion            |       |     1 ||     1
 Stab: Sleeping          |     1 |       ||     1
  Eat: Chunk             |     1 |     5 ||     6
Dodge: Dodged            |     2 |    18 ||    20

Table legend:
 A = Non-vault XP
 B = Vault XP
 C = Vault XP percentage of total XP
 D = Non-vault monster count
 E = Vault monster count
 F = Vault count percentage of total count
                 A         B        C        D         E       F
            +---------+---------+-------+---------+---------+-------
      Total |     145 |      60 |  29.3 |      38 |       6 |  13.6
            +---------+---------+-------+---------+---------+-------
        D:1 |       5 |       0 |   0.0 |       3 |       0 |   0.0
        D:2 |      58 |      60 |  50.8 |      19 |       6 |  24.0
        D:3 |      82 |       0 |   0.0 |      16 |       0 |   0.0
            +---------+---------+-------+---------+---------+-------
